 Dungeon Crawl Stone Soup version 0.21.1-1-g345015f (webtiles) character file.

1349 doot the Magician (level 8, -2/59 HPs)
             Began as a Red Draconian Wizard on June 4, 2018.
             Was an Initiate of Sif Muna.
             Shot with an arrow by a centaur (10 damage)
             ... on level 7 of the Dungeon.
             The game lasted 00:33:18 (7116 turns).

doot the Magician (Red Draconian Wizard)            Turns: 7116, Time: 00:33:19

Health: -2/59      AC:  5    Str: 13    XL:     8   Next: 36%
Magic:  8/17       EV: 13    Int: 20    God:    Sif Muna [......]
Gold:   301        SH:  0    Dex: 10    Spells: 11/19 levels left

rFire    + . .     SeeInvis +   t - +9 hand axe "Xaocluf" {holy, MR+ Str+3}
rCold    . . .     Gourm    .   (no shield)
rNeg     . . .     Faith    .   (armour unavailable)
rPois    .         Spirit   .   a - +0 hat
rElec    .         Reflect  .   (no cloak)
rCorr    .         Harm     .   w - -2 pair of gloves (curse)
MR       +....                  (no boots)
Stlth    ++........             (no amulet)
HPRegen  0.19/turn              j - ring of see invisible
MPRegen  0.15/turn              (no ring)

@: no status effects
A: breathe fire, unfitting armour, fire resistance 1, cold-blooded, AC +6
a: Breathe Fire, Renounce Religion


You were on level 7 of the Dungeon.
You worshipped Sif Muna.
Sif Muna was noncommittal.
You were not hungry.

You visited 1 branch of the dungeon, and saw 7 of its levels.

You collected 301 gold pieces.

Inventory:

Hand Weapons
 d - a +1 short sword
 t - the +9 hand axe "Xaocluf" (weapon) {holy, MR+ Str+3}
   (You found it on level 4 of the Dungeon)

   It has been blessed by the Shining One to cause great damage to the undead
   and demons.
   It affects your strength (+3).
   It affects your resistance to hostile enchantments.
Armour
 a - a +0 hat (worn)
 w - a cursed -2 pair of gloves (worn)
Jewellery
 h - an uncursed amulet of regeneration {unknown}
 j - a ring of see invisible (left hand)
 x - an uncursed ring of ice {unknown}
Wands
 o - a wand of digging (47)
 y - a wand of iceblast (10)
 B - a wand of polymorph (10)
Scrolls
 e - a scroll of fear {unknown}
 f - a scroll of immolation {unknown}
 i - 5 scrolls of enchant weapon
 l - 2 scrolls of blinking {unknown}
 n - a scroll of remove curse {unknown}
 p - 2 scrolls of noise {unknown}
 q - 5 scrolls of identify {unknown}
 r - 2 scrolls of random uselessness {unknown}
 s - 2 scrolls of teleportation {unknown}
 u - a scroll of fog {unknown}
 z - 2 scrolls of silence {unknown}
Potions
 g - 2 potions of curing
 k - a potion of brilliance {unknown}
 m - a potion of mutation {unknown}
 v - 4 potions of agility {unknown}
 A - a potion of lignification
 C - a potion of flight {unknown}
 E - a potion of heal wounds {unknown}
Books
 b - a book of Minor Magic

   Spells                             Type                      Level
   a - Magic Dart                     Conjuration                  1
   b - Blink                          Translocation                2
   c - Call Imp                       Summoning                    2
   d - Slow                           Hexes                        2
   e - Conjure Flame                  Conjuration/Fire             3
   f - Mephitic Cloud                 Conjuration/Poison/Air       3
Comestibles
 c - 8 rations


   Skills:
 + Level 1.3 Fighting
 + Level 1.6 Short Blades
 + Level 3.2 Axes
 + Level 3.1 Dodging
 + Level 3.6 Stealth
 + Level 6.4 Spellcasting
 + Level 2.5 Conjurations
 + Level 3.5 Summonings
 + Level 1.7 Translocations
 + Level 1.6 Air Magic
 + Level 0.9 Poison Magic


You had 11 spell levels left.
You knew the following spells:

 Your Spells              Type           Power        Failure   Level  Hunger
a - Magic Dart            Conj           ###.         3%          1    None
b - Blink                 Tloc           N/A          8%          2    None
c - Call Imp              Summ           ###.....     3%          2    None
d - Mephitic Cloud        Conj/Pois/Air  ##......     16%         3    ##.....


Dungeon Overview and Level Annotations

Branches:
Dungeon (7/15)             Temple (0/1) D:6

Altars:
Cheibriados
Dithmenos
Kikubaaqudgha
Nemelex Xobeh
Okawaru
Ru
Sif Muna
Trog
Uskayaw
Yredelemnul

Shops:
D:4 *   D:7 =


Innate Abilities, Weirdness & Mutations

You can breathe blasts of fire.
Your fiery red scales are hard. (AC +6)
You cannot fit into any form of body armour.
Your flesh is heat resistant. (rF+)
You are cold-blooded and may be slowed by cold attacks.


Message History

Your crimson imp disappears in a puff of smoke! x2
The centaur shoots an arrow.
The arrow hits your crimson imp!
Your crimson imp dies!
The centaur hits you but does no damage.
Your crimson imp barely misses the centaur.
Your crimson imp hits the centaur.
The adder barely misses you.
A hippogriff and a howler monkey come into view.
As you read the scroll labeled DAOCLO VOXACE, it crumbles to dust.
It is a scroll of enchant weapon.
Your +0 short sword glows red for a moment.
The centaur hits you.
The centaur unwields an uncursed shortbow.
The centaur hits you. The centaur hits you!
* * * LOW HITPOINT WARNING * * *
The adder closely misses you.
Your crimson imp hits the centaur. x2
Unknown command.
The centaur hits you!
* * * LOW HITPOINT WARNING * * *
The centaur wields a shortbow.
The centaur shoots an arrow.
The arrow hits you!
You die...

.... .F..# #.... ....#
##### #.... ....##.....
#.$.. .......... #..#
#........ ##.####......#
#............#
#.c@.........#######
######.S(....((..........
#.....(c...........#.....
#....(.55+##....(.......(
#.........##(....#.∩.#...
#.$........##.####.......
#.:?....h..##.# #.#.....
#......H...##.# #.......
#.$.........#.# #.......


You could see a hippogriff, 2 centaurs, a howler monkey, an adder and 2 friendly
crimson imps.

Vanquished Creatures
  3 water moccasins
  A sky beast (D:5)
  A phantom (D:6)
  An ice beast (D:6)
  3 centaurs
  2 killer bees (D:7)
  2 crimson imps
  A hound (D:6)
  A jelly (D:5)
  2 orc priests
  A bullfrog skeleton (D:5)
  An orc wizard (D:3)
  2 worker ants
  2 adders
  A shadow imp (D:7)
  A dart slug (D:1)
  2 leopard geckos
  11 orcs
  2 ball pythons
  7 giant cockroaches
  A gnoll zombie (D:4)
  A goblin (D:1)
  2 hobgoblins (D:1)
  4 jackals
  2 quokkas
  3 bats (D:1)
  7 frilled lizards
  6 kobolds
  4 rats
77 creatures vanquished.

Vanquished Creatures (collateral kills)
  3 orc wizards
  A worker ant (D:5)
  4 gnolls (D:5)
  2 adders
  An adder skeleton (D:4)
  2 worms
  9 orcs
  3 giant cockroaches
  2 goblins
  4 hobgoblins
  3 jackals (D:2)
  A kobold (D:3)
  A quokka (D:5)
  A bat (D:2)
  A gnoll zombie (D:4)
  A rat (D:1)
39 creatures vanquished.

Vanquished Creatures (others)
  A killer bee (D:7)
  A kobold (D:1)
2 creatures vanquished.

Grand Total: 118 creatures vanquished

Notes
Turn   | Place    | Note
-------+----------+-------------------------------------------
     0 | D:1      | doot the Draconian Wizard began the quest for the Orb.
     0 | D:1      | Reached XP level 1. HP: 14/14 MP: 4/4
   360 | D:1      | Reached XP level 2. HP: 20/20 MP: 6/6
   364 | D:1      | Learned a level 2 spell: Call Imp
  1168 | D:2      | Reached XP level 3. HP: 24/26 MP: 5/8
  1172 | D:2      | Learned a level 2 spell: Blink
  1176 | D:2      | Learned a level 3 spell: Mephitic Cloud
  1985 | D:3      | Reached skill level 1 in Short Blades
  1985 | D:3      | Reached XP level 4. HP: 33/33 MP: 6/9
  2072 | D:3      | Reached skill level 4 in Spellcasting
  2973 | D:4      | Found an iron altar of Okawaru.
  2974 | D:4      | Found an ancient bone altar of Kikubaaqudgha.
  2974 | D:4      | Found a snail-covered altar of Cheibriados.
  2975 | D:4      | Found a sparkling altar of Nemelex Xobeh.
  2975 | D:4      | Found a bloodstained altar of Trog.
  2975 | D:4      | Found a hide-covered altar of Uskayaw.
  3094 | D:4      | Reached XP level 5. HP: 38/38 MP: 0/11
  3211 | D:4      | Got a brightly glowing hand axe
  3212 | D:4      | Identified the +9 hand axe "Xaocluf" {holy, MR+ Str+3} (You found it on level 4 of the Dungeon)
  3279 | D:4      | Found Dumop's Serpentskin Sales.
  3279 | D:4      | Noticed a water moccasin
  3279 | D:4      | Noticed a water moccasin
  3320 | D:4      | Killed a water moccasin
  3330 | D:4      | Killed a water moccasin
  3330 | D:4      | Reached XP level 6. HP: 16/45 MP: 1/13
  4520 | D:4      | Found a basalt altar of Yredelemnul.
  4547 | D:5      | Entered Level 5 of the Dungeon
  4650 | D:5      | Reached skill level 5 in Spellcasting
  4867 | D:6      | Reached skill level 1 in Axes
  4867 | D:6      | Your scales start taking on a fiery red colour.
  4867 | D:6      | Reached XP level 7. HP: 39/51 MP: 6/14
  4867 | D:6      | Gained mutation: Your flesh is heat resistant. (rF+) [Red Draconian growth]
  5100 | D:5      | Reached skill level 1 in Air Magic
  5564 | D:5      | Found a shadowy altar of Dithmenos.
  5696 | D:5      | Found a sacrificial altar of Ru.
  5756 | D:5      | Reached skill level 6 in Spellcasting
  5815 | D:6      | Reached skill level 1 in Fighting
  5815 | D:6      | Reached XP level 8. HP: 50/59 MP: 8/17
  6010 | D:6      | Found a deep blue altar of Sif Muna.
  6042 | D:6      | Found a staircase to the Ecumenical Temple.
  6073 | D:6      | Became a worshipper of Sif Muna the Loreminder
  7078 | D:7      | Found Nybbeng's Jewellery Emporium.
  7115 | D:7      | Noticed a hippogriff
  7116 | D:7      | Shot with an arrow by a centaur

Skill      XL: |  1  2  3  4  5  6  7  8 |
---------------+-------------------------+-----
Stealth        | 2 3 |  3.6
Dodging        | 2 3 |  3.1
Short Blades   | 1 |  1.6
Spellcasting   | 4 5 6 |  6.4
Summonings     | 2 3 |  3.5
Conjurations   | 2 |  2.5
Axes           | 1 2 3 |  3.2
Air Magic      | 1 |  1.6
Fighting       | 1 |  1.3
Translocations | |  1.7
Poison Magic   | |  0.9

Action                   |  1- 3 |  4- 6 |  7- 9 || total
-------------------------+-------+-------+-------++-------
Melee: Short sword       |    69 |    25 |       ||    94
       Unarmed           |    10 |       |       ||    10
       Tailslap          |     6 |     6 |     5 ||    17
       Hand axe          |       |    31 |    69 ||   100
 Cast: Magic Dart        |    38 |    28 |    13 ||    79
       Call Imp          |    16 |    33 |    20 ||    69
       Blink             |     1 |     4 |     2 ||     7
       Mephitic Cloud    |       |     6 |     4 ||    10
 Abil: Breathe Fire      |       |       |     4 ||     4
  Use: Potion            |       |     4 |       ||     4
       Scroll            |       |       |     1 ||     1
 Stab: Sleeping          |     1 |       |       ||     1
       Distracted        |     1 |       |       ||     1
       Confused          |       |       |     4 ||     4
  Eat: Chunk             |     4 |     8 |     8 ||    20
       Ration            |       |       |     1 ||     1
Armor: Skin              |    41 |    42 |    19 ||   102
Dodge: Dodged            |    65 |    48 |    60 ||   173
